 Dungeon Crawl Stone Soup version 0.17.1-3-g152610e (webtiles) character file.

588 Gargoyl the Skirmisher (level 7, -1/56 HPs)
             Began as a Demonspawn Abyssal Knight on Mar 18, 2016.
             Was a Believer of Lugonu.
             Slain by an ogre
             ... wielding a +0 giant club
              (9 damage)
             ... on level 4 of the Dungeon on Mar 20, 2016.
             The game lasted 00:16:22 (6037 turns).

Gargoyl the Skirmisher (Demonspawn Abyssal Knight)  Turns: 6037, Time: 00:16:22

Health: -1/56      AC: 14    Str: 15      XL:     7   Next: 15%
Magic:  18/18      EV:  7    Int: 12 (13) God:    Lugonu [**....]
Gold:   196        SH:  0    Dex: 12      Spells: 0 memorised, 6 levels left

rFire  . . .     SeeInvis .     a - +2 hand axe
rCold  + . .     Clarity  .     u - +0 chain mail
rNeg   . . .     SustAt   .     (no shield)
rPois  .         Gourm    .     (no helmet)
rElec  .         Spirit   .     g - +1 cloak
rCorr  .         Warding  .     n - +0 pair of gloves
rMut   .         Stasis   .     (no boots)
MR     .....                    (no amulet)
Stlth  ..........               v - ring of stealth
                                d - ring of magical power

@: not resistant to hostile enchantments, extremely unstealthy
A: claws 1, rugged brown scales 1, cold resistance 1, rot immunity, freezing
cloud immunity
a: Depart the Abyss, Bend Space, Renounce Religion


You were on level 4 of the Dungeon.
You worshipped Lugonu.
Lugonu was pleased with you.
You were not hungry.

You visited 1 branch of the dungeon, and saw 5 of its levels.
You visited the Abyss 1 time.

You collected 196 gold pieces.

Inventory:

Hand Weapons
 a - a +2 hand axe (weapon)
 f - a +0 flail
Armour
 g - a +1 cloak (worn)
 n - a +0 pair of gloves (worn)
 u - a +0 chain mail (worn)
Jewellery
 d - a ring of magical power (left hand)
 v - a ring of stealth (right hand)
Scrolls
 h - a scroll of enchant weapon
 i - 7 scrolls of identify
 k - a scroll of blinking
 m - a scroll of fear
Comestibles
 b - a meat ration
 c - 3 bread rations


   Skills:
 + Level 4.4 Fighting
 + Level 3.6 Axes
 + Level 4.4 Armour
 + Level 3.0 Dodging
 + Level 0.8 Stealth
 + Level 2.8 Invocations


You had 6 spell levels left.
You didn't know any spells.

Dungeon Overview and Level Annotations

Branches:
Dungeon (5/15)
 Temple: D:4-7

Altars:
Elyvilon
Okawaru


Innate Abilities, Weirdness & Mutations

You have sharp fingernails.
You are partially covered in rugged brown scales (AC +1, +3% HP).
Your flesh is cold resistant.
You are immune to rotting.
You are immune to freezing clouds.


Message History

You closely miss the ogre.
The ogre is heavily wounded.
You feel less invigorated.
You feel less confused.
You hit the ogre.
The ogre is severely wounded.
The ogre hits you with a giant club.
* * * LOW HITPOINT WARNING * * *
You barely miss the ogre.
The ogre is severely wounded.
The ogre hits you with a giant club.
* * * LOW HITPOINT WARNING * * *
You barely miss the ogre.
The ogre is severely wounded.
The ogre hits you with a giant club.
* * * LOW HITPOINT WARNING * * *
You slash the ogre!
The ogre is almost dead.
The ogre hits you with a giant club!
You die...

.#.# .#.# .#.#
+#.### .....#
....(# .....#
########## .....#
#........#
.....####.######@#
.....'........##O#
.....####.###.##.#
.....# #.# #.##.#
###### #.# #.##.#
#.# #.##....O..?
#.# #.##########
#.# #.# #.# #.#


You could see an ogre.

Vanquished Creatures
  The ghost of Venard the Covert, a novice SpAs of Dithmenos (D:5)
  3 orc wizards
  A giant frog skeleton (D:4)
  An orc priest (D:4)
  A hound (D:5)
  An iguana (D:4)
  A worker ant (D:4)
  Terence (D:3)
  3 adders
  3 giant geckos
  9 orcs
  4 giant cockroaches
  10 goblins
  3 hobgoblins
  6 jackals
  3 quokkas
  8 bats
  3 giant newts
  15 kobolds
  6 rats
83 creatures vanquished.

Notes
Turn   | Place    | Note
--------------------------------------------------------------
     0 | Abyss:1  | Gargoyl the Demonspawn Abyssal Knight began the quest for the Orb.
     0 | Abyss:1  | Reached XP level 1. HP: 18/18 MP: 2/2
    36 | Abyss:1  | Noticed a ynoxinul
    38 | Abyss:1  | Noticed a raiju
    39 | D:1      | Escaped the Abyss
   487 | D:1      | Reached * piety under Lugonu
   492 | D:1      | Gained mutation: You are partially covered in rugged brown scales (AC +1, +3% HP). [demonic ancestry]
   492 | D:1      | Reached XP level 2. HP: 13/24 MP: 3/3
  1085 | D:1      | Reached skill level 1 in Dodging
  1896 | D:2      | Found a white marble altar of Elyvilon.
  2200 | D:2      | Reached XP level 3. HP: 29/29 MP: 4/4
  3135 | D:3      | Noticed Terence
  3171 | D:3      | Killed Terence
  3171 | D:3      | Reached ** piety under Lugonu
  3171 | D:3      | Gained mutation: Your flesh is cold resistant. [demonic ancestry]
  3171 | D:3      | Reached XP level 4. HP: 15/37 MP: 5/5
  4278 | D:3      | Gained mutation: You have sharp fingernails. [demonic ancestry]
  4278 | D:3      | Reached XP level 5. HP: 19/43 MP: 6/6
  4344 | D:3      | Found an iron altar of Okawaru.
  4847 | D:5      | Entered Level 5 of the Dungeon
  4855 | D:5      | HP: 2/43 [hound (4)]
  4988 | D:5      | Noticed Venard's ghost (novice SpAs)
  5035 | D:5      | Noticed a centaur
  5089 | D:5      | Killed Venard's ghost
  5089 | D:5      | Reached skill level 4 in Fighting
  5089 | D:5      | Gained mutation: You are immune to freezing clouds. [demonic ancestry]
  5089 | D:5      | Reached XP level 6. HP: 26/49 MP: 8/8
  5574 | D:4      | Gained mutation: You are immune to rotting. [demonic ancestry]
  5574 | D:4      | Reached XP level 7. HP: 26/56 MP: 9/9
  6014 | D:4      | Noticed an ogre
  6037 | D:4      | Slain by an ogre

Action                   |  1- 3 |  4- 6 |  7- 9 || total
-------------------------+-------+-------+-------++-------
Melee: Hand axe          |   186 |   260 |    33 ||   479
Invok: Depart the Abyss  |     1 |       |       ||     1
       Bend Space        |       |     1 |       ||     1
  Use: Scroll            |     2 |     8 |       ||    10
       Potion            |       |     9 |     2 ||    11
 Stab: Invisible         |       |     1 |       ||     1
  Eat: Bread ration      |     1 |       |       ||     1
       Chunk             |     2 |     6 |     1 ||     9
       Royal jelly       |     1 |       |       ||     1
       Pizza             |       |     1 |       ||     1
